 Dungeon Crawl Stone Soup version 0.32-a0-422-g28b100f618 (webtiles) character file.

Game seed: 12591006191654797422

228 Alarak the Trooper (level 5, -2/51 HPs)
             Began as a Mountain Dwarf Monk on Feb 21, 2024.
             Slain by an orc
             ... wielding a +0 flail
              (6 damage)
             ... on level 4 of the Dungeon.
             The game lasted 00:05:43 (2274 turns).

Alarak the Trooper (Mountain Dwarf Monk)            Turns: 2274, Time: 00:05:43

Health: -2/51      AC: 11    Str: 15    XL:     5   Next: 71%
Magic:  5/5        EV:  4    Int: 11    God:
Gold:   146        SH:  0    Dex: 12    Spells: 4/4 levels left

rFire   . . .        a - +0 hand axe
rCold   . . .        d - orb {light}
rNeg    . . .        h - +1 plate armour
rPois   .            (no helmet)
rElec   .            (no cloak)
rCorr   .            (no gloves)
SInv    .            (no boots)
Will    .....        i - amulet of magic regeneration Stlth
                     (no ring)
HPRegen 0.28/turn    (no ring)
MPRegen 0.49/turn

%: no passive effects
@: glowing
A: runic magic, artefact enchanting
a: Convert to Beogh


You were on level 4 of the Dungeon.
You visited 1 branch of the dungeon, and saw 4 of its levels.

You collected 247 gold pieces.
You spent 101 gold pieces at shops.

Inventory:

Hand Weapons
 a - a +0 hand axe (weapon)
Armour
 b - a +0 robe
 d - an orb of light (worn)
 h - a +1 plate armour (worn)
Jewellery
 i - an amulet of magic regeneration (around neck)
 j - a ring of willpower
Scrolls
 f - a scroll of enchant armour
 g - a scroll of silence
 o - a scroll of poison
 q - 2 scrolls of revelation
 r - a scroll of teleportation
 s - a scroll of amnesia
Potions
 c - a potion of ambrosia
 e - 3 potions of enlightenment
 k - 2 potions of mutation
 l - a potion of brilliance
 m - 2 potions of haste
 n - a potion of heal wounds
 p - a potion of curing
 t - a potion of berserk rage {unknown}


   Skills:
 - Level 6.3 Fighting
 + Level 5.1 Axes
 - Level 2.1 Dodging


You had 4 spell levels left.
You didn't know any spells.
Your spell library contained the following spells:

 Spells                   Type           Power      Damage    Failure   Level
 Inner Flame              Hex/Fire       0%         N/A       98%         3
 Irradiate                Conj/Alch      0%         3d11      100%        5
 Ignition                 Fire           0%         3d3       100%        8


Dungeon Overview and Level Annotations

Branches:
Dungeon (4/15)
 Temple: D:4-7

Altars:

Shops:
D:2 [?![   D:4 =


Innate Abilities, Weirdness & Mutations

Your spellcasting is much less encumbered by armour.
You can use scrolls of enchantment on lesser artefacts.


Message History

You hit the orc priest.
The orc priest is lightly wounded.
The orc priest hits you but does no damage.
You hit the orc priest.
The orc priest is moderately wounded.
You hit the orc but do no damage. The orc hits you with a +0 flail!
The orc priest barely misses you.
You hit the orc priest.
The orc priest is heavily wounded.
You hit the orc.
You kill the orc!
You hit the orc but do no damage. x2; The orc hits you with a +0 whip.
The orc hits you but does no damage.
The orc priest invokes the aid of Beogh against you.
Beogh smites you! The orc hits you but does no damage. x2
The orc hits you with a +0 whip.
The orc priest shouts, "Surrender to Beogh and we'll let you live!" (press Y on the ability menu to convert to Beogh)
The orc priest shouts, "The Pantheon deserves no one's loyalty.
Let us show you the true path!"
You hit the orc priest.
The orc priest is almost dead.
You hit the orc. x2
The orc priest shouts, "Beogh offers mercy even to people such as you.
Join us and be reborn!"
You hit the orc. The orc hits you but does no damage.
The orc hits you from afar with a +0 trident.
The orc hits you with a +0 flail.
The orc priest invokes the aid of Beogh against you.
Beogh smites you!
* * * LOW HITPOINT WARNING * * *
The orc hits you but does no damage.
You hit the orc priest.
The orc priest shouts, "Beogh offers mercy even to people such as you.
Join us and be reborn!"
The orc priest is almost dead.
The orc priest shouts, "Beogh offers mercy even to people such as you.
Join us and be reborn!"
You hit the orc.
You barely miss the orc. x2; You barely miss the kobold.
The orc hits you but does no damage.
The orc hits you from afar with a +0 trident.
* * * LOW HITPOINT WARNING * * *
The orc hits you with a +0 flail.
You die...

######### ........#
..... ..#... ........#.^
...# .....P ........#...
...##...P.P ........#...
...#..P... ...##
......#+#<.....P.ß
....##......#...o...P...
..............#Koo....PP
...............o@oo...P.
..............#+#####...
..................#
.......##.........#
.......##.........+
.......##.........#
........###.#........
.........##.########.
...................


You could see an orc priest, 5 orcs and a kobold.

Vanquished Creatures
  A hound (D:4)
  Natasha (D:2)
  4 adders
  2 ribbon worms
  6 dart slugs
  2 orcs
  4 bats
  4 endoplasms
  4 giant cockroaches
  4 goblins
  11 hobgoblins
  4 jackals (D:2)
  3 quokkas
  6 ball pythons
  4 frilled lizards
  4 kobolds
  6 rats
70 creatures vanquished.

Notes
Turn   | Place    | Note
-------+----------+-------------------------------------------
     0 | D:1      | Alarak the Mountain Dwarf Monk began the quest for the Orb.
     0 | D:1      | Reached XP level 1. HP: 19/19 MP: 1/1
    36 | D:1      | Reached skill level 4 in Fighting
    36 | D:1      | Reached XP level 2. HP: 11/27 MP: 2/2
   192 | D:1      | Reached XP level 3. HP: 14/34 MP: 3/3
   362 | D:1      | Reached skill level 5 in Fighting
   739 | D:2      | Found Kemiesm's Armour Shoppe.
   806 | D:2      | Noticed Natasha
   810 | D:2      | Killed Natasha
   811 | D:2      | Reached XP level 4. HP: 39/44 MP: 4/4
   833 | D:2      | Found Hiliq Ico's Distillery.
   894 | D:2      | Bought a potion of heal wounds for 65 gold pieces
   919 | D:2      | Found Ixzuusch's Antique Armour Shop.
   920 | D:2      | Found Xazuli's Magic Scroll Shoppe.
   930 | D:2      | Reached skill level 6 in Fighting
  1009 | D:2      | Bought a scroll of teleportation for 36 gold pieces
  1344 | D:3      | Reached XP level 5. HP: 51/51 MP: 5/5
  2114 | D:4      | Found Ihuuhurr's Jewellery Emporium.
  2149 | D:4      | Reached skill level 5 in Axes
  2274 | D:4      | Slain by an orc

Illustrated notes

Levels and vault maps discovered:
D:1:      scummos_arrival_simple_fountains, layout_rooms, minmay_pentomino_q4
D:2:      layout_basic, serial_shops, shop, shop, shop, shop_coins, uniq_natasha
D:3:      layout_basic
D:4:      layout_basic, minmay_temple_entry_ruins, serial_shops, shop,
          dreamdust_mushroom_princess, dreamdust_gnoll_farm

Skill      XL: |  1  2  3  4  5 |
---------------+----------------+-----
Fighting       | 4 5 6 |  6.3
Axes           | 5 |  5.1
Dodging        | |  2.1

Action                     |  1- 3 |  4- 6 || total
---------------------------+-------+-------++-------
  Melee: Hand axe          |    76 |   151 ||   227
    Use: Scroll            |       |    11 ||    11
 Armour: Robe              |    18 |       ||    18
         Plate armour      |    30 |   169 ||   199
  Dodge: Dodged            |    39 |    41 ||    80

Table legend: (Time is in decaauts)
 A = Elapsed time spent in this place.
 B = Non-inter-level travel time spent in this place.
 C = Inter-level travel time spent in this place.
 D = Time resting spent in this place.
 E = Time spent auto-exploring this place.
 F = Levels seen in this place.
 G = Mean time per level.
                   A        B        C        D        E       F      G
               +--------+--------+--------+--------+--------+-----+--------+
         Total |   2298 |   2228 |     70 |    465 |   1279 |   4 |  574.5 |
       Dungeon |   2298 |   2228 |     70 |    465 |   1279 |   4 |  574.5 |
               +--------+--------+--------+--------+--------+-----+--------+

Top non-repeatable levels by time:
     D:3: 741 daAuts
     D:1: 666 daAuts
     D:2: 568 daAuts
     D:4: 321 daAuts
